Map: Lerilak Crest

Players

lesha - Winner!

  • Race: Terran Terran
  • League: Silver

Haji

  • Race: Protoss Protoss
  • League: Silver

VOD

Have the link to the VOD?

Description

Time

  • Played on: Dec. 21, 2015, 9:46 a.m.
  • Length: 13:22
Show
View Real Time Build Order
Export as new Build Order

lesha Terran - Winner!

Build Orders: Reaper Expand 

Get SALT Encoding   

  12  0:01  SCV  
  13  0:16  Supply Depot  
  13  0:18  SCV  
  14  0:30  SCV  
  15  0:41  Barracks  
  15  0:42  SCV  
  15  0:47  Refinery  
  16  0:55  SCV  
  17  1:07  SCV  
  18  1:19  SCV  
  19  1:30  Reaper  
  20  1:35  Command Center  
  20  1:38  SCV  
  21  1:52  Orbital Command  
  21  2:00  Supply Depot  
  21  2:03  Refinery  
  21  2:15  Marine  
  22  2:25  SCV  
  23  2:37  SCV  
  23  2:43  Factory  
  24  2:47  Marine  
  24  2:48  Barracks  
  25  2:58  SCV  
  25  3:00  Orbital Command  
  26  3:10  Marine  
  27  3:30  Factory  
  27  3:34  Starport  
  27  3:35  SCV  
  27  3:36  SCV  
  27  3:40  Marine  
  27  3:41  Marine  
  31  3:42  Factory Tech Lab  
  31  3:48  SCV x2  
  33  4:02  SCV x2  
  34  4:07  Marine x2  
  36  4:14  SCV x2  
  38  4:22  Supply Depot  
  38  4:27  Supply Depot  
  38  4:28  SCV x2  
  40  4:31  Marine  
  40  4:32  Marine  
  40  4:33  Medivac  
  44  4:40  SCV x2  
  44  4:44  Siege Tank  
  49  4:47  Refinery  
  49  4:48  Refinery  
  49  4:54  Barracks  
  49  4:55  SCV x2, Engineering Bay  
  49  4:57  Engineering Bay  
  51  5:01  Barracks Reactor  
  51  5:03  Barracks Tech Lab  
  52  5:07  SCV x2  
  52  5:11  Barracks  
  53  5:19  SCV x2  
  55  5:21  Bunker  
  55  5:24  Marauder  
  55  5:26  Stimpack  
  57  5:31  SCV x2  
  40  5:54  Marine  
  40  5:56  SCV x2  
  43  5:58  Missile Turret  
  43  6:05  Missile Turret  
  43  6:08  SCV x2, Missile Turret  
  45  6:18  Missile Turret, Marine x2  
  46  6:20  SCV x2  
  46  6:21  Barracks Reactor  
  46  6:22  Barracks Tech Lab  
  46  6:23  Missile Turret  
  49  6:32  SCV  
  50  6:40  Missile Turret  
  50  6:42  Marine x2  
  50  6:44  Marauder  
  50  6:46  Starport Reactor  
  54  6:52  SCV  
  55  7:04  SCV  
  51  7:12  SCV  
  51  7:14  Marine x2  
  51  7:15  Marine x4  
  52  7:17  SCV  
  52  7:21  Terran Infantry Weapons Level 1  
  54  7:24  SCV  
  54  7:29  SCV  
  56  7:32  Marine x3  
  56  7:33  Marauder  
  56  7:36  SCV  
  62  7:42  Barracks  
  62  7:46  Barracks  
  62  7:51  Supply Depot  
  62  7:52  Supply Depot  
  62  7:55  Supply Depot  
  62  8:12  SCV x2, Medivac, Marine x2  
  70  8:13  Marine x3, Medivac, Marauder  
  75  8:24  SCV x2  
  77  8:30  Marine x2  
  77  8:31  Command Center, Marauder, Marine x2  
  77  8:32  Marine x2  
  85  8:36  SCV  
  86  8:45  Armory  
  86  8:49  Supply Depot  
  86  8:50  Supply Depot x2  
  86  9:06  Marine x4  
  86  9:07  Marauder, Medivac x2  
  86  9:08  Marine x2  
  86  9:09  Marauder  
  80  9:21  SCV x2  
  82  9:24  Marine x4  
  82  9:26  Marine x2  
  82  9:28  Marine  
  82  9:30  Marine  
  90  9:33  SCV x2  
  92  9:42  Marine x4  
  92  9:44  Marine x2  
  98  9:46  Marine  
  98  9:47  Marine  
  98  9:49  Medivac  
  98  9:50  Missile Turret, Medivac  
  104  10:00  Marine x4  
  104  10:02  Marine x2  
  104  10:04  Marauder  
  111  10:14  Marine  
  111  10:18  Marine x4  
  111  10:19  Marine x2, Medivac  
  111  10:20  Medivac  
  122  10:25  Marine  
  122  10:26  SCV x2  
  125  10:44  Supply Depot  
  125  10:46  Supply Depot  
  125  10:47  Supply Depot  
  125  10:51  Barracks Reactor  
  125  10:52  Barracks Reactor  
  125  11:01  Supply Depot  
  125  11:05  SCV x3, Marine x2  
  125  11:10  Supply Depot  
  130  11:12  Supply Depot  
  130  11:13  Marine x4  
  130  11:17  SCV x3  
  137  11:20  Supply Depot  
  137  11:23  Supply Depot x2, Marine x2  
  139  11:29  SCV  
  139  11:30  Supply Depot  
  139  11:31  Marine  
  139  11:32  Combat Shields  
  141  11:33  Command Center  
  141  11:42  Marine x4  
  141  11:43  Marine x4  
  141  11:44  Marine  
  150  11:49  Marine  
  151  11:58  Refinery  
  151  11:59  Refinery  
  151  12:00  Marine x4  
  155  12:02  Marauder x2  
  155  12:05  Marine x3  
  155  12:06  Marine  
  163  12:18  SCV x3, Marine x4  
  170  12:23  Marauder, Marine x2  
  172  12:30  SCV x3  
  160  12:41  Marauder  
  160  12:42  SCV x2  
  164  12:46  Marine x3  
  164  12:47  Marine x6  
  173  13:02  Marine  
  173  13:04  Marine x2  
Show
View Real Time Build Order
Export as new Build Order

Haji Protoss 

Build Orders: Nexus First 

Get SALT Encoding   

  12  0:03  Probe (Chrono Boost)  
  13  0:16  Pylon  
  13  0:18  Probe (Chrono Boost)  
  15  0:28  Probe (Chrono Boost)  
  15  0:39  Probe (Chrono Boost)  
  16  0:49  Probe (Chrono Boost)  
  17  1:04  Nexus  
  17  1:11  Gateway  
  17  1:13  Probe (Chrono Boost)  
  18  1:24  Probe (Chrono Boost)  
  19  1:36  Assimilator  
  20  1:40  Probe (Chrono Boost), Assimilator  
  20  1:52  Pylon  
  20  2:01  Cybernetics Core  
  20  2:06  Probe (Chrono Boost)  
  21  2:16  Probe (Chrono Boost)  
  23  2:23  Probe (Chrono Boost)  
  23  2:25  Pylon  
  23  2:31  Pylon  
  23  2:32  Probe (Chrono Boost)  
  24  2:44  Stargate  
  24  2:54  Mothership Core (Chrono Boost)  
  24  2:57  Assimilator  
  26  2:59  Probe (Chrono Boost)  
  26  3:01  Assimilator  
  27  3:19  Pylon  
  27  3:22  Adept  
  27  3:23  Warp Gate  
  25  4:12  Oracle (Chrono Boost)  
  28  4:23  Probe  
  28  4:25  Probe  
  28  4:27  Gateway  
  28  4:31  Gateway  
  30  4:34  Probe  
  30  4:37  Probe  
  32  4:39  Stalker  
  32  4:44  Probe, Oracle (Chrono Boost)  
  37  4:49  Probe  
  39  4:55  Probe  
  40  5:06  Probe  
  41  5:14  Forge  
  41  5:16  Phoenix (Chrono Boost)  
  43  5:30  Robotics Facility  
  43  5:31  Probe  
  43  5:33  Probe  
  45  6:00  Phoenix (Chrono Boost)  
  45  6:02  Stalker x3  
  53  6:15  Pylon  
  53  6:16  Pylon  
  53  6:21  Phoenix (Chrono Boost)  
  55  6:27  Stalker x3  
  61  6:37  Gateway  
  61  6:39  Gateway  
  61  6:42  Gateway  
  61  6:46  Phoenix (Chrono Boost)  
  61  6:48  Probe  
  61  6:50  Probe  
  65  6:55  Protoss Ground Weapons Level 1 (Chrono Boost)  
  65  7:21  Probe x2  
  67  7:33  Probe, Phoenix  
  70  7:38  Probe  
  71  7:45  Probe  
  71  7:46  Observer, Pylon  
  71  7:47  Pylon  
  71  7:50  Probe, Pylon  
  74  7:57  Phoenix  
  74  7:58  Probe  
  75  8:01  Robotics Facility  
  75  8:02  Probe  
  78  8:10  Probe  
  79  8:13  Adept x3  
  79  8:14  Probe, Adept  
  88  8:26  Phoenix  
  88  8:33  Pylon  
  90  8:35  Pylon  
  90  8:51  Nexus  
  90  9:23  Immortal x2  
  98  9:26  Adept x2  
  98  9:27  Adept x3  
  107  9:44  Pylon  
  107  9:46  Pylon  
  107  9:48  Probe x2  
  109  10:00  Probe  
  110  10:16  Immortal x2  
  110  10:21  Adept x3  
  124  10:34  Probe  
  125  10:35  Probe x2  
  127  10:45  Probe  
  127  10:47  Probe  
  129  10:52  Twilight Council  
  129  10:57  Forge  
  129  10:58  Protoss Ground Armor Level 1 (Chrono Boost)  
  129  11:11  Pylon  
  129  11:16  Pylon  
  129  11:20  Probe  
  129  11:21  Probe x2  
  129  11:24  Assimilator  
  129  11:25  Pylon  
  132  11:26  Assimilator  
  132  11:35  Templar Archives  
  132  11:36  Pylon  
  132  11:39  Pylon  
  132  11:40  Pylon  
  132  11:42  Gateway x2  
  132  11:46  Gateway  
  132  11:58  Gateway  
  132  12:02  Probe  
  132  12:04  Probe x2  
  132  12:06  Gateway x2  
  135  12:20  Nexus  
  80  12:40  High Templar  
  80  12:41  High Templar x4  
  80  12:42  High Templar  
  82  12:54  Archon  
  82  12:55  Archon x2  
Tags
 
Add a new tag
Caveats
  • Supply blocks, unpowered buildings, or Contaminate may cause inaccurate times.
  • Supply counts are checked every 10 seconds.